 Dungeon Crawl Stone Soup version 0.26-a0-1205-g4083c211ab (webtiles) character file.

Game seed: 10466773876808013874

364 KristoblXynda the Ruffian (level 6, -10/53 HPs)
             Began as a Troll Hedge Wizard on Dec 29, 2020.
             Was an Initiate of Ashenzari.
             Mangled by an ogre
             ... wielding a +0 giant club
              (18 damage)
             ... on level 4 of the Dungeon.
             The game lasted 00:06:43 (2941 turns).

KristoblXynda the Ruffian (Troll Hedge Wizard)      Turns: 2941, Time: 00:06:44

Health: -10/53     AC:  7    Str: 16 (19) XL:     6   Next: 39%
Magic:  8/8        EV: 11    Int: 11 (12) God:    Ashenzari [......]
Gold:   257        SH:  0    Dex:  9      Spells: 8/9 levels left

rFire    . . .     SeeInvis .     - Unarmed
rCold    . . .     Faith    .   (no shield)
rNeg     . . .     Spirit   .   b - +0 robe
rPois    .         Reflect  .   c - +0 hat
rElec    .         Harm     .   j - +0 cloak (curse)
rCorr    .         Rampage  .   (gloves unavailable)
Will     .....                  (boots unavailable)
Stlth    +.........             d - amulet of regeneration
HPRegen  0.97/turn              (no ring)
MPRegen  0.11/turn              (no ring)

@: no status effects
A: large, unfitting armour, claws 3, regeneration 1, shaggy fur 1, tough skin 3
a: Renounce Religion, Curse Item


You were on level 4 of the Dungeon.
You worshipped Ashenzari.
Ashenzari was noncommittal.
You visited 1 branch of the dungeon, and saw 4 of its levels.
You also visited: Sewer.

You collected 257 gold pieces.

Inventory:

Armour
 b - a +0 robe (worn)
 c - a +0 hat (worn)
 j - a cursed +0 cloak (worn)
Jewellery
 d - an amulet of regeneration (around neck)
Scrolls
 a - a scroll of noise {unknown}
 h - a scroll of amnesia {unknown}
 i - a scroll of enchant weapon {unknown}
 k - 2 scrolls of magic mapping
 m - 3 scrolls of fog
 p - 2 scrolls of teleportation {unknown}
 q - 2 scrolls of remove curse
 s - a scroll of enchant armour {unknown}
Potions
 e - 2 potions of flight {unknown}
 f - 2 potions of brilliance
 g - a potion of mutation {unknown}
 l - a potion of berserk rage
 n - 3 potions of lignification
 o - a potion of cancellation
 r - 2 potions of curing


   Skills:
 + Level 3.4 Dodging
 - Level 1.0 Stealth
 + Level 3.5 Unarmed Combat
 - Level 2.0 Spellcasting
 + Level 2.8 Conjurations
 - Level 0.6 Summonings
 - Level 0.6 Translocations


You had 8 spell levels left.
You knew the following spells:

 Your Spells              Type           Power        Failure   Level
a - Magic Dart            Conj           28%          9%          1

Your spell library contained the following spells:

 Spells                   Type           Power        Failure   Level
 Blink                    Tloc           N/A          34%         2
 Call Imp                 Summ           2%           34%         2
 Slow                     Hex            1%           41%         2
 Conjure Flame            Conj/Fire      4%           45%         3
 Mephitic Cloud           Conj/Pois/Air  3%           52%         3


Dungeon Overview and Level Annotations

Branches:
Dungeon (4/15)             Temple (0/1) D:4           Sewer (visited)

Altars:
Ashenzari


Innate Abilities, Weirdness & Mutations

You are too large for most types of armour.
You have claws for hands.
Your natural rate of healing is unusually fast.
You are covered in fur. (AC +1)
You have extremely tough skin. (AC +3)


Message History

You scratch the ogre.
The ogre is moderately wounded.
The ogre barely misses you.
You barely miss the ogre.
The ogre is moderately wounded.
You barely miss the ogre.
The ogre is moderately wounded.
The ogre hits you with a +0 giant club!!
* * * LOW HITPOINT WARNING * * *
You claw the ogre!
The ogre is severely wounded.
The ogre hits you with a +0 giant club!
* * * LOW HITPOINT WARNING * * *
You barely miss the ogre.
The ogre is severely wounded.
Unknown command.
You claw the ogre!
The ogre is almost dead.
The ogre hits you with a +0 giant club!!
You die...

........ #. ........ #..
#. .♣♣..... ##.. ### #.
........ #..##..##.
..#..... #......... ..#
..#####+###........#
....... #.....#.........
<########.⌠.⌠.#......#
##.## #.+..>..'.@O...#
....###.#.⌠.⌠.#.........
........#.....#...#...#.
.#..#...###'###(..# ###
##..#........###.>#
##...........# ####
####..##...### ##.##...#
########


You could see an ogre.

Vanquished Creatures
  Purgy (Sewer)
  A hound (D:4)
  A bullfrog skeleton (D:4)
  An iguana (D:4)
  Terence (D:2)
  7 adders
  3 worms
  2 dart slugs (D:1)
  2 leopard geckos
  3 ball pythons
  2 giant cockroaches (D:4)
  14 goblins
  11 hobgoblins
  7 jackals
  4 quokkas
  6 bats
  3 frilled lizards
  10 kobolds
  A leopard gecko skeleton (D:4)
  A quokka skeleton (D:4)
  10 rats
91 creatures vanquished.

Notes
Turn   | Place    | Note
-------+----------+-------------------------------------------
     0 | D:1      | KristoblXynda the Troll Hedge Wizard began the quest for
                  | the Orb.
     0 | D:1      | Reached XP level 1. HP: 16/16 MP: 2/2
    96 | D:1      | Reached skill level 1 in Conjurations
    96 | D:1      | Reached XP level 2. HP: 24/24 MP: 4/4
   171 | D:1      | Reached skill level 1 in Unarmed Combat
   948 | D:2      | Reached XP level 3. HP: 27/31 MP: 5/5
  1324 | D:2      | Noticed Terence
  1352 | D:2      | Killed Terence
  1353 | D:2      | Reached XP level 4. HP: 26/39 MP: 6/6
  1684 | D:3      | Found a broken altar of Ashenzari.
  1690 | D:3      | Became a worshipper of Ashenzari the Shackled
  1950 | D:3      | Reached XP level 5. HP: 44/45 MP: 7/7
  2526 | D:4      | Found a glowing drain.
  2534 | Sewer    | Entered a sewer
  2579 | Sewer    | Noticed Purgy
  2609 | Sewer    | Killed Purgy
  2610 | Sewer    | Reached XP level 6. HP: 39/53 MP: 8/8
  2927 | D:4      | Found a staircase to the Ecumenical Temple.
  2941 | D:4      | Mangled by an ogre

Illustrated notes

Levels and vault maps discovered:
D:1:      saegor_arrival_simple_c, layout_basic, fountainhead
D:2:      layout_rooms, uniq_terence
D:3:      layout_basic, evilmike_ruin_ashenzari
D:4:      layout_cave_pools, fedhas_altar_1, lemuel_doored_altar,
          minmay_temple_entry_hall, gup_sewer_entry_bubbles,
          chequers_mini_garden, kennysheep_cross_bottleneck

Skill      XL: |  1  2  3  4  5 |
---------------+----------------+-----
Conjurations   | 1 2 |  2.8
Unarmed Combat | 1 2 3 |  3.5
Dodging        | 2 3 |  3.4
Stealth        | |  1.0
Spellcasting   | |  2.0
Summonings     | |  0.6
Translocations | |  0.6

Action                   |  1- 3 |  4- 6 || total
-------------------------+-------+-------++-------
Melee: Unarmed           |   160 |   190 ||   350
       Punch             |       |     4 ||     4
  Use: Potion            |       |     3 ||     3
       Scroll            |       |     5 ||     5
 Stab: Sleeping          |       |     5 ||     5
Armor: Robe              |    81 |    99 ||   180
Dodge: Dodged            |    91 |   107 ||   198

Table legend: (Time is in decaauts)
 A = Elapsed time spent in this place.
 B = Non-inter-level travel time spent in this place.
 C = Inter-level travel time spent in this place.
 D = Time resting spent in this place.
 E = Time spent auto-exploring this place.
 F = Levels seen in this place.
 G = Mean time per level.
                   A        B        C        D        E       F      G
               +--------+--------+--------+--------+--------+-----+--------+
         Total |   2957 |   2891 |     66 |    100 |   1807 |   5 |  591.4 |
       Dungeon |   2768 |   2702 |     66 |    100 |   1805 |   4 |  692.0 |
         Sewer |    188 |    188 |      0 |      0 |      2 |   1 |  188.0 |
               +--------+--------+--------+--------+--------+-----+--------+

Top non-repeatable levels by time:
     D:1: 923 daAuts
     D:3: 817 daAuts
     D:2: 654 daAuts
     D:4: 373 daAuts
   Sewer: 188 daAuts
